AoeStats
← mateuspmed93

Nomad

506492196Analyzed
3v3 RM · 17d ago on Sep 13, 2026· 50m 22s· 6 players
Game mode
Random Map
Map size
210×210
Population
200
Speed
Normal
Resources
Standard
Victory
Conquest
Starting age
Dark Age
Ending age
Imperial Age
RankedLock teamsTeams togetherTeam positionsShared explorationLock speedFull tech treeHidden civsTurbo modeCheats
Victory
Defeat
🇦🇷 Vietnamese · Argentina
899
+14
🇷🇴 Lithuanians · Romania
888
+15
888
+15
🇧🇷 Mongols · Brazil
887
-24
🇧🇷 Japanese · Brazil
878
-23
🇧🇷 Ethiopians · Brazil
809
-31
mateuspmed93
4:58 Loom
16:26 Feudal Age
19:14 Double-Bit Axe
22:20 Fletching
24:57 Wheelbarrow
28:23 Castle Age
28:46 Castle Age
29:34 Crossbowman
31:36 Hand Cart
32:15 Bodkin Arrow
35:05 Thumb Ring
35:05 Padded Archer Armor
36:12 Horse Collar
42:01 Leather Archer Armor
46:56 Imperial Age
47:29 Arbalester
Tipe
11:27 Loom
18:12 Feudal Age
18:44 Double-Bit Axe
18:41 Horse Collar
23:54 Fletching
27:23 Castle Age
26:31 Padded Archer Armor
27:30 Gold Mining
27:31 Stone Mining
28:42 Thumb Ring
27:58 Elite Skirmisher
28:37 Bodkin Arrow
31:06 Ballistics
31:27 Pikeman
36:24 Leather Archer Armor
35:33 Crossbowman
37:33 Bow Saw
37:52 Scale Mail Armor
38:09 Forging
39:03 Arson
39:18 Squires
39:04 Gambesons
39:37 Chain Mail Armor
41:12 Iron Casting
46:38 Imperial Age
44:45 Wheelbarrow
47:04 Elite Samurai
48:12 Bracer
Sapo Chifrudo
4:47 Loom
15:42 Feudal Age
19:50 Double-Bit Axe
25:43 Wheelbarrow
24:50 Man-at-Arms
26:37 Forging
33:12 Horse Collar
36:15 Castle Age
35:57 Stone Mining
Clauzzz
8:51 Loom
9:03 Loom
15:42 Feudal Age
17:00 Wheelbarrow
16:06 Horse Collar
16:14 Double-Bit Axe
20:20 Arson
21:17 Fletching
22:21 Forging
28:36 Castle Age
29:35 Hand Cart
28:41 Elite Skirmisher
29:28 Thumb Ring
29:56 Squires
31:43 Pikeman
33:19 Bow Saw
33:11 Heavy Plow
33:31 Stone Mining
38:31 Bodkin Arrow
38:37 Padded Archer Armor
39:12 Iron Casting
38:39 Scale Mail Armor
41:00 Leather Archer Armor
40:49 Gold Mining
41:35 Stone Shaft Mining
48:34 Imperial Age
45:50 Town Watch
48:24 Chain Mail Armor
48:32 Ballistics
50:46 Two-Man Saw
50:50 Chemistry
50:21 Crop Rotation
Wollof_08 / German Mum
8:57 Loom
12:21 Double-Bit Axe
18:01 Feudal Age
16:33 Stone Mining
19:14 Gold Mining
19:44 Fletching
21:24 Fishing Lines
23:47 Gillnets
26:44 Castle Age
25:58 Bow Saw
26:25 Gold Shaft Mining
26:27 Stone Shaft Mining
28:13 Wheelbarrow
28:19 Medium Warships
29:02 Husbandry
31:47 Hand Cart
31:19 Town Watch
31:49 Fervor
32:29 Treadmill Crane
32:45 Murder Holes
34:05 Ballistics
34:49 Burgundian Vineyards
39:07 Imperial Age
37:32 Town Patrol
39:02 Scale Barding Armor
39:08 Forging
39:12 Clinker Construction
39:13 Masonry
40:17 Chain Barding Armor
40:26 Conscription
40:53 Heavy Warships
40:10 Elite Coustillier
41:57 Iron Casting
41:18 Bodkin Arrow
41:28 Devotion
44:23 Coinage
44:54 Bracer
45:30 Plate Barding Armor
45:56 Blast Furnace
45:28 Architecture
47:16 Two-Man Saw
50:58 Carvel Hull
Caoz
10:50 Loom
15:51 Feudal Age
15:58 Man-at-Arms
16:56 Horse Collar
17:56 Arson
19:39 Double-Bit Axe
23:14 Wheelbarrow
24:40 Stone Mining
24:42 Gold Mining
27:00 Castle Age
26:21 Padded Archer Armor
27:28 Crossbowman
28:13 Thumb Ring
28:37 Bow Saw
28:42 Heavy Plow
30:17 Leather Archer Armor
32:17 Hand Cart
32:15 Fletching
33:42 Town Watch
35:00 Bodkin Arrow
35:48 Ballistics
36:37 Elite Skirmisher
42:34 Imperial Age
44:49 Ring Archer Armor
45:30 Arbalester
51:01 Two-Man Saw
Connection lost

Rejoining the realm…

Still unreachable

The connection could not be restored.

Session expired

The server has moved on; the page needs a fresh start.